 Dungeon Crawl Stone Soup version 0.30-a0-878-gc727b3d3d6 (webtiles) character file.

Game seed: 17088646686182958612

249 BROtania the Chopper (level 5, 0/50 HPs)
             Began as a Minotaur Berserker on Mar 12, 2023.
             Was a Follower of Trog.
             Shot with an arrow by a centaur (4 damage)
             ... on level 5 of the Dungeon.
             The game lasted 00:20:38 (1516 turns).

BROtania the Chopper (Minotaur Berserker)           Turns: 1516, Time: 00:20:38

Health: 0/50       AC:  2    Str: 24    XL:     5   Next: 86%
Magic:  4/4        EV: 12    Int:  4    God:    Trog [*.....]
Gold:   114        SH:  0    Dex:  9    Spells: 4/4 levels left

rFire   . . .      SeeInvis .    a - +0 hand axe
rCold   . . .      Faith    .    (no shield)
rNeg    . . .      Spirit   .    b - +0 animal skin
rPois   .          Reflect  .    (helmet restricted)
rElec   .          Rampage  .    (no cloak)
rCorr   .                        (no gloves)
Will    .....                    (no boots)
Stlth   +                        (no amulet)
HPRegen 0.28/turn                (no ring)
MPRegen 0.09/turn                (no ring)

@: no status effects
A: horns 2, retaliatory headbutt
a: Renounce Religion, Berserk


You were on level 5 of the Dungeon.
You worshipped Trog.
Trog was aware of your devotion.
You visited 2 branches of the dungeon, and saw 6 of its levels.

You collected 114 gold pieces.

Inventory:

Hand Weapons
 a - a +0 hand axe (weapon)
 d - a +0 heavy hand axe
Missiles
 c - 6 poisoned darts (quivered)
Armour
 b - a +0 animal skin (worn)
Wands
 m - a wand of mindburst (17)
Scrolls
 f - a scroll of identify {unknown}
 g - a scroll of enchant armour {unknown}
 j - 2 scrolls of teleportation {unknown}
 k - a scroll of immolation {unknown}
 l - a scroll of acquirement {unknown}
Potions
 e - a potion of brilliance {unknown}
 h - a potion of resistance {unknown}
 i - a potion of curing {unknown}
 o - a potion of might {unknown}
 p - a potion of mutation {unknown}


   Skills:
 + Level 5.7 Fighting
 + Level 5.8 Axes
 + Level 2.9 Armour
 + Level 3.1 Dodging
 + Level 0.2 Stealth


You had 4 spell levels left.
You didn't know any spells.
Your spell library contained the following spells:

 Spells                   Type           Power      Damage    Failure   Level
 Summon Small Mammal      Summ           0%         N/A       50%         1
 Call Canine Familiar     Summ           0%         N/A       86%         3
 Summon Guardian Golem    Hex/Summ       0%         N/A       86%         3


Dungeon Overview and Level Annotations

Branches:
Dungeon (4/15)             Temple (1/1) D:4

Altars:
Ashenzari
Cheibriados
Elyvilon
Fedhas
Gozag
Hepliaklqana
Kikubaaqudgha
Makhleb
Nemelex Xobeh
Okawaru
Qazlal
Ru
Sif Muna
Trog
Uskayaw
Vehumet
Wu Jian
Xom
Yredelemnul

Shops:
D:3 ?


Innate Abilities, Weirdness & Mutations

You have a pair of horns on your head.
You reflexively headbutt those who attack you in melee.


Message History

You offer a prayer to Trog.
You offer a prayer to Trog.
You offer a prayer to Trog.
You offer a prayer to Trog.
You enter the shallow water.
Moving in this stuff is going to be slow.
You enter the shallow water.
Moving in this stuff is going to be slow.
There is a staircase back to the Dungeon here.
You can't go down here!
You climb upwards.
Welcome back to the Dungeon!
There is a staircase to the Ecumenical Temple here.
A giant cockroach comes into view.
A sourceless malevolence fills the Dungeon...
You fall into a shaft and drop 1 floor!
The shaft crumbles and collapses.
Found 14 gold pieces.
You now have 114 gold pieces (gained 14).
A centaur comes into view.
The centaur shouts!
The centaur wields a +0 shortbow.
The centaur shoots an arrow.
The arrow hits you!
The centaur shoots an arrow.
The arrow barely misses you.
The centaur shoots an arrow.
The arrow barely misses you.
The centaur shoots an arrow.
The arrow hits you.
The centaur shoots an arrow.
The arrow hits you!
The centaur shoots an arrow.
The arrow misses you.
The centaur shoots an arrow.
The arrow closely misses you.
The centaur shoots an arrow.
The arrow hits you.
The centaur shoots an arrow.
The arrow closely misses you.
The centaur shoots an arrow.
The arrow barely misses you.
You are too injured to fight recklessly!
You are too injured to fight recklessly!
You are too injured to fight recklessly!
The centaur shoots an arrow.
The arrow hits you!
* * * LOW HITPOINT WARNING * * *
The centaur shoots an arrow.
The arrow hits you.
* * * LOW HITPOINT WARNING * * *
The centaur shoots an arrow.
The arrow hits you.
You die...

#.# #....# #.#
####.# #.# #c# #.#
#.# #.# #.# #.# #.#
# #.# #.#
###.#####.#######c#
............@.....#
##.......#########
#########


You could see a centaur.

Vanquished Creatures
  Grinder (D:3)
  2 adders (D:2)
  2 dart slugs
  2 ball pythons
  An endoplasm (D:2)
  6 giant cockroaches
  3 goblins
  A hobgoblin (D:1)
  3 jackals (D:1)
  2 quokkas
  2 bats
  A frilled lizard (D:2)
  2 kobolds (D:2)
  3 rats
31 creatures vanquished.

Vanquished Creatures (others)
  A plant (D:1)
1 creature vanquished.

Grand Total: 32 creatures vanquished

Notes
Turn   | Place    | Note
-------+----------+-------------------------------------------
     0 | D:1      | BROtania the Minotaur Berserker began the quest for the
                  | Orb.
     0 | D:1      | Reached XP level 1. HP: 19/19 MP: 0/0
    28 | D:1      | Reached XP level 2. HP: 24/27 MP: 1/1
   172 | D:2      | Found a shimmering altar of Xom.
   282 | D:2      | Reached XP level 3. HP: 29/34 MP: 2/2
   491 | D:3      | Found Riatz's Magic Scroll Shop.
   666 | D:3      | Noticed Grinder
   674 | D:3      | Killed Grinder
   675 | D:3      | Reached skill level 5 in Fighting
   675 | D:3      | Reached skill level 5 in Axes
   675 | D:3      | Reached XP level 4. HP: 22/44 MP: 3/3
   675 | D:3      | Reached XP level 5. HP: 25/50 MP: 4/4
   765 | D:2      | Reached ** piety under Trog
   841 | D:4      | Found a staircase to the Ecumenical Temple.
   953 | Temple   | Entered the Ecumenical Temple
  1459 | D:4      | You fall into a shaft and drop 1 floor!
  1459 | D:5      | Entered Level 5 of the Dungeon
  1494 | D:5      | Noticed a centaur
  1516 | D:5      | Shot with an arrow by a centaur

Illustrated notes

Levels and vault maps discovered:
D:1:      dpeg_arrival_orchard, layout_rooms, chequers_serial_rivers_marsh
D:2:      layout_rooms, basic_altar, minmay_worlds_worst_comb
D:3:      layout_basic, zin_scriptorium, serial_shops, shop, uniq_grinder
D:4:      layout_basic, minmay_temple_entry_butterflies
D:5:      layout_loops_ring, gammafunk_ghost_smash, serial_shops,
          nicolae_shop_competitors_out_of_business, nicolae_shop_stone, shop
Temple:   regret_index_temple_mists

Skill      XL: |  1  2  3 |
---------------+----------+-----
Fighting       | 4 5 |  5.7
Axes           | 4 5 |  5.8
Dodging        | 3 |  3.1
Armour         | |  2.9
Stealth        | |  0.2

Action                     |  1- 3 |  4- 6 || total
---------------------------+-------+-------++-------
  Melee: Hand axe          |    50 |    18 ||    68
         Headbutt          |    10 |     3 ||    13
 Invoke: Berserk           |     3 |       ||     3
   Stab: Sleeping          |       |     1 ||     1
 Armour: Animal skin       |     8 |     4 ||    12
  Dodge: Dodged            |    23 |    25 ||    48

Table legend: (Time is in decaauts)
 A = Elapsed time spent in this place.
 B = Non-inter-level travel time spent in this place.
 C = Inter-level travel time spent in this place.
 D = Time resting spent in this place.
 E = Time spent auto-exploring this place.
 F = Levels seen in this place.
 G = Mean time per level.
                   A        B        C        D        E       F      G
               +--------+--------+--------+--------+--------+-----+--------+
         Total |   1620 |   1590 |     30 |    435 |     45 |   6 |  270.0 |
       Dungeon |   1081 |   1051 |     30 |    100 |      0 |   5 |  216.2 |
        Temple |    538 |    538 |      0 |    335 |     45 |   1 |  538.0 |
               +--------+--------+--------+--------+--------+-----+--------+

Top non-repeatable levels by time:
  Temple: 538 daAuts
     D:3: 396 daAuts
     D:2: 268 daAuts
     D:1: 229 daAuts
     D:4: 130 daAuts
     D:5: 56 daAuts
